 Dungeon Crawl Stone Soup version 0.29.1-12-g30fa7ad0bf (webtiles) character file.

Game seed: 18161714138322599936

57 Destapler the Sneak (level 3, -3/18 HPs)
             Began as a Spriggan Enchanter on Dec 11, 2022.
             Was a Follower of Sif Muna.
             Slain by Natasha (7 damage)
             ... on level 2 of the Dungeon on Dec 12, 2022.
             The game lasted 00:09:29 (2935 turns).

Destapler the Sneak (Spriggan Enchanter)            Turns: 2935, Time: 00:09:30

Health: -3/18      AC:  2    Str:  4    XL:     3   Next: 73%
Magic:  5/8        EV: 17    Int: 18    God:    Sif Muna [*.....]
Gold:   15         SH:  0    Dex: 15    Spells: 7/8 levels left

rFire   . . .      SeeInvis +   a - +1 dagger
rCold   . . .      Faith    .   (no shield)
rNeg    . . .      Spirit   .   b - +0 robe
rPois   .          Reflect  .   (helmet restricted)
rElec   .          Harm     .   (no cloak)
rCorr   .          Rampage  .   (gloves unavailable)
Will    .....                   (boots unavailable)
Stlth   +++.......              (no amulet)
HPRegen 0.06/turn               (no ring)
MPRegen 0.11/turn               (no ring)

@: slowed, invisible, quick
A: very small, no large weapons, unfitting armour, see invisible, speed 3
a: Renounce Religion, Channel Magic


You were on level 2 of the Dungeon.
You worshipped Sif Muna.
Sif Muna was aware of your devotion.
You visited 1 branch of the dungeon, and saw 2 of its levels.

You collected 15 gold pieces.

Inventory:

Hand Weapons
 a - a +1 dagger (weapon)
Missiles
 g - 6 poisoned darts
Armour
 b - a +0 robe (worn)
Scrolls
 d - a scroll of noise {unknown}
 f - 2 scrolls of silence {unknown}
 h - a scroll of immolation {unknown}
 i - a scroll of amnesia {unknown}
 j - a scroll of fog {unknown}
 k - a scroll of enchant weapon {unknown}
 m - a scroll of identify {unknown}
Potions
 c - a potion of invisibility
 e - a potion of brilliance {unknown}
 l - a potion of heal wounds {unknown}


   Skills:
 + Level 1.0 Fighting
 + Level 2.1 Short Blades
 + Level 3.1 Dodging
 + Level 4.7 Stealth
 - Level 3.0 Spellcasting
 * Level 0.8 Conjurations
 - Level 3.6 Hexes
 + Level 0.5 Invocations


You had 7 spell levels left.
You knew the following spells:

 Your Spells              Type           Power      Damage    Failure   Level
a - Magic Dart            Conj           20%        1d4       12%         1

Your spell library contained the following spells:

 Spells                   Type           Power      Damage    Failure   Level
 Confusing Touch          Hex            15%        N/A       11%         3
 Tukima's Dance           Hex            15%        N/A       11%         3
 Ensorcelled Hibernation  Hex/Ice        18%        N/A       12%         2
 Foxfire                  Conj/Fire      16%        2x1d4     14%         1
 Dazzling Flash           Conj/Hex       20%        N/A       19%         3
 Call Imp                 Summ           2%         N/A       24%         2
 Inner Flame              Hex/Fire       9%         N/A       24%         3
 Conjure Flame            Conj/Fire      4%         6-21      38%         3
 Mephitic Cloud           Conj/Pois/Air  3%         N/A       41%         3
 Flame Wave               Conj/Fire      4%         2d5       80%         4


Dungeon Overview and Level Annotations

Branches:
Dungeon (2/15)

Altars:
Sif Muna

Annotations:
D:2 Natasha, Terence


Innate Abilities, Weirdness & Mutations

You are very small and have problems with some larger weapons.
You are too small for most types of armour.
You have supernaturally acute eyesight. (SInv)
You cover ground extremely quickly. (Speed+++)


Message History

The kobold is severely wounded.
The magic dart hits the kobold.
You kill the kobold!
Sif Muna accepts your kill.
Items here: ) ÷÷ †.
You see here a +0 club.
Found a hand axe.
Natasha, Servant of Life and Death comes into view.
Natasha hisses angrily.
The magic dart hits Natasha but does no damage.
The magic dart hits Natasha.
Natasha is lightly wounded.
The magic dart hits Natasha.
Natasha is moderately wounded.
The magic dart hits Natasha.
Natasha is heavily wounded.
Natasha claws you.
You closely miss Natasha.
Natasha is heavily wounded.
You hit Natasha.
Natasha is heavily wounded.
Natasha claws you.
You closely miss Natasha.
Natasha is heavily wounded.
Natasha stares at you and mumbles some strange words.
You feel yourself slow down.
You fade into invisibility!
Natasha claws you!
* * * LOW HITPOINT WARNING * * *
Natasha closely misses you.
You hit Natasha.
Natasha is severely wounded.
Natasha claws you but does no damage.
You hit Natasha but do no damage.
Natasha is severely wounded.
Natasha barely misses you.
You hit Natasha.
Natasha is severely wounded.
Natasha completely misses you. Natasha claws you!
You die...

........).##
...........#
#..........#
#..........############
#...............#.....##
#......................#
##......................
##......................
.....####.......@h......
........................
..#######.........?.....
..# ##.............# ..#
##.....#.....## ###
#############


You could see Natasha.

Vanquished Creatures
  2 adders (D:2)
  3 ball pythons
  3 endoplasms (D:1)
  3 hobgoblins
  7 jackals (D:1)
  6 kobolds
  3 quokkas (D:2)
  3 bats
  2 frilled lizards
  A goblin (D:2)
  A rat (D:2)
34 creatures vanquished.

Vanquished Creatures (others)
  A demonic plant (D:1)
  4 fungi (D:1)
  2 plants (D:1)
  2 withered plants (D:1)
9 creatures vanquished.

Grand Total: 43 creatures vanquished

Notes
Turn   | Place    | Note
-------+----------+-------------------------------------------
     0 | D:1      | Destapler the Spriggan Enchanter began the quest for the
                  | Orb.
     0 | D:1      | Reached XP level 1. HP: 9/9 MP: 5/5
   440 | D:1      | Learned a level 1 spell: Magic Dart
   462 | D:1      | Reached XP level 2. HP: 11/14 MP: 6/6
  1301 | D:1      | Found a faded altar of an unknown god.
  1431 | D:1      | Prayed at the altar of an unknown god.
  1431 | D:1      | Became a worshipper of Sif Muna the Loreminder
  1431 | D:1      | Reached * piety under Sif Muna
  2079 | D:1      | Upgraded the game from 0.29.1-4-g47bece8355 to
                  | 0.29.1-12-g30fa7ad0bf
  2246 | D:2      | Reached XP level 3. HP: 17/17 MP: 8/8
  2252 | D:2      | Noticed Terence
  2615 | D:2      | Reached skill level 1 in Fighting
  2923 | D:2      | Noticed Natasha
  2935 | D:2      | Slain by Natasha

Illustrated notes

Levels and vault maps discovered:
D:1:      lightli_arrival_windingriver, layout_basic,
          shapermc_ecumenical_altar_gd
D:2:      layout_rooms, serial_shops, nicolae_shop_hallway_plus, uniq_terence,
          uniq_natasha

Skill      XL: |  1  2  3 |
---------------+----------+-----
Dodging        | 3 |  3.1
Short Blades   | 2 |  2.1
Spellcasting   | 3 |  3.0
Fighting       | 1 |  1.0
Stealth        | |  4.7
Conjurations   | |  0.8
Hexes          | |  3.6
Invocations    | |  0.5

Action                   || total
-------------------------++-------
Melee: Dagger            ||   130
Throw: Dart              ||     1
 Cast: Magic Dart        ||    33
  Use: Potion            ||     1
 Stab: Sleeping          ||     2
Armor: Robe              ||    10
Dodge: Dodged            ||   112
